 Dungeon Crawl Stone Soup version 0.30-a0-778-g2ef04afb54 (webtiles) character file.

Game seed: 8645040623502157309

170 NotreDorf the Poker (level 5, -4/41 HPs)
             Began as a Merfolk Reaver on Feb 16, 2023.
             Slain by a gnoll
             ... wielding a +0 flail
              (7 damage)
             ... on level 3 of the Dungeon on Feb 17, 2023.
             The game lasted 00:13:25 (2516 turns).

NotreDorf the Poker (Merfolk Reaver)                Turns: 2516, Time: 00:13:26

Health: -4/41      AC:  5    Str: 12    XL:     5   Next: 50%
Magic:  9/9        EV: 11    Int: 12    God:
Gold:   21         SH:  8    Dex: 15    Spells: 8/9 levels left

rFire   + . .      SeeInvis .    q - +8 dagger "Toma" {drain, rElec rF+ rC+ Will+}
rCold   + . .      Faith    .    f - +0 kite shield
rNeg    . . .      Spirit   .    b - +0 leather armour
rPois   .          Reflect  .    t - +0 hat
rElec   +          Harm     .    (no cloak)
rCorr   .          Rampage  .    A - +0 pair of gloves
Will    +....                    h - +0 pair of boots
Stlth   ++                       (no amulet)
HPRegen 0.26/turn                x - ring of wizardry
MPRegen 0.11/turn                (no ring)

@: no status effects
A: (nimble swimmer 2), mertail
a: no special abilities


You were on level 3 of the Dungeon.
You visited 1 branch of the dungeon, and saw 4 of its levels.

You collected 76 gold pieces.
You spent 55 gold pieces at shops.

Inventory:

Hand Weapons
 a - a +0 spear
 p - a +0 short sword of speed
 q - the +8 dagger "Toma" (weapon) {drain, rElec rF+ rC+ Will+}
   (You found it on level 2 of the Dungeon)

   rF:        It protects you from fire.
   rC:        It protects you from cold.
   rElec:     It insulates you from electricity.
   Will:      It increases your willpower.
 y - a +0 trident
Armour
 b - a +0 leather armour (worn)
 f - a +0 kite shield (worn)
 h - a +0 pair of boots (worn)
 t - a +0 hat (worn)
 A - a +0 pair of gloves (worn)
Jewellery
 u - the ring "Tussog" {Wiz rPois Int+5 Dex+3 Slay+3}
   (You found it on level 2 of the Dungeon)

   [ring of wizardry]

   It improves your spell success rate.
   Int:       It affects your intelligence (+5).
   Dex:       It affects your dexterity (+3).
   Slay:      It affects your accuracy & damage with ranged weapons and melee
   (+3).
   rPois:     It protects you from poison.
 x - a ring of wizardry (left hand)
Wands
 B - a wand of charming (6)
Scrolls
 c - 6 scrolls of identify
 d - 2 scrolls of fog {unknown}
 e - 2 scrolls of immolation {unknown}
 g - 7 scrolls of teleportation
 i - 2 scrolls of fear {unknown}
 j - a scroll of summoning {unknown}
 r - 2 scrolls of poison {unknown}
Potions
 k - a potion of ambrosia {unknown}
 l - 2 potions of haste {unknown}
 m - 2 potions of might
 n - a potion of curing {unknown}
 o - a potion of magic {unknown}
 s - a potion of berserk rage {unknown}
 v - a potion of resistance {unknown}
 w - a potion of attraction {unknown}
 z - a potion of degeneration {unknown}


   Skills:
 + Level 3.1 Fighting
 + Level 2.0 Short Blades
 - Level 4.3 Polearms
 + Level 3.8 Dodging
 + Level 2.2 Stealth
 + Level 1.7 Shields
 + Level 2.7 Spellcasting
 - Level 2.4 Conjurations


You had 8 spell levels left.
You knew the following spells:

 Your Spells              Type           Power      Damage    Failure   Level
a - Kiss of Death         Conj/Necr      16%        2d6       26%         1

Your spell library contained the following spells:

 Spells                   Type           Power      Damage    Failure   Level
 Apportation              Tloc           2%         N/A       38%         1
 Necrotise                Necr           4%         1d4       38%         1
 Summon Small Mammal      Summ           4%         N/A       38%         1
 Momentum Strike          Conj/Tloc      8%         3d8       38%         2
 Hailstorm                Conj/Ice       4%         3d4       58%         3
 Confusing Touch          Hex            1%         N/A       75%         3
 Dispel Undead            Necr           1%         3d6       98%         4


Dungeon Overview and Level Annotations

Branches:
Dungeon (4/15)
 Temple: D:4-7

Altars:

Shops:
D:3 ?

Annotations:
D:3 Robin


Innate Abilities, Weirdness & Mutations

((You are very nimble when in or above water. (Stealth+, EV+, Speed+++)))
Your lower body shifts to a powerful aquatic tail in water.


Message History

The goblin hits you but does no damage.
You hit the goblin.
You kill the goblin!
The gnoll closely misses you. The gnoll hits you but does no damage.
The gnoll hits you from afar with a +0 spear!
The gnoll hits you with a +0 flail.
The ball python attacks as you move away!
The ball python barely misses you. The ball python closely misses you.
The ball python attacks as you move away!
You block the ball python's attack. The ball python barely misses you.
The gnoll attacks as you move away! The gnoll hits you with a +0 flail!
The gnoll attacks as you move away! The gnoll hits you with a +0 flail!
* * * LOW HITPOINT WARNING * * *
The ball python misses you. The ball python closely misses you.
There is a stone staircase leading up here.
Magic restored.
The ball python bites you but does no damage.
The ball python grabs you.
You stop ascending the stairs.
The ball python constricts you. The gnoll hits you but does no damage.
The gnoll closely misses you.
You escape the ball python's grasp.
The gnoll hits you with a +0 flail.
* * * LOW HITPOINT WARNING * * *
You block the gnoll's attack.
You climb upwards.
Level annotation: Robin
There is a stone staircase leading down here.
The ball python bites you but does no damage.
You block the ball python's attack. The gnoll barely misses you.
The gnoll closely misses you.
Items here: ))) †††.
The gnoll attacks as you move away! The gnoll barely misses you.
You hit the ball python.
You kill the ball python!
You hit the gnoll.
The gnoll is moderately wounded.
You block the gnoll's attack.
You puncture the gnoll!
The gnoll is almost dead.
The gnoll hits you with a +0 flail!
You die...

#.# #<# #.# #.# ###
#.# #.# #..
#.###.###..
####.......#..
#####.............
#.....######...#..
#.##### #...#.. #@#
#...#.> ##g## #.#.#.#
##..†## ######.#.#..
##..>..###..........#
#.......##.####.#...#
#..........# #.#...#
#.......#..####.#...#
#......##...........#
#.#...####.##.##....#


You could see a gnoll.

Vanquished Creatures
  An orc priest (D:4)
  An iguana (D:3)
  A gnoll (D:3)
  3 adders
  7 orcs (D:3)
  2 endoplasms (D:2)
  3 giant cockroaches
  13 goblins
  8 hobgoblins
  5 kobolds
  4 quokkas
  8 ball pythons
  4 bats (D:3)
  2 frilled lizards (D:3)
  6 rats
68 creatures vanquished.

Vanquished Creatures (others)
  2 plants (D:4)
2 creatures vanquished.

Grand Total: 70 creatures vanquished

Notes
Turn   | Place    | Note
-------+----------+-------------------------------------------
     0 | D:1      | NotreDorf the Merfolk Reaver began the quest for the Orb.
     0 | D:1      | Reached XP level 1. HP: 16/16 MP: 3/3
   142 | D:1      | Reached XP level 2. HP: 21/23 MP: 5/5
   205 | D:1      | Reached skill level 1 in Stealth
   551 | D:1      | Found a faded altar of an unknown god.
   794 | D:2      | Identified the +8 dagger "Toma" {drain, rElec rF+ rC+
                  | Will+}
   979 | D:2      | Reached XP level 3. HP: 22/28 MP: 6/6
  1439 | D:2      | Identified the ring "Tussog" {Wiz rPois Int+5 Dex+3 Slay+3}
  1490 | D:2      | Reached skill level 1 in Shields
  1715 | D:3      | Reached XP level 4. HP: 34/34 MP: 7/7
  1835 | D:3      | Reached skill level 1 in Short Blades
  2010 | D:3      | Noticed Robin
  2152 | D:3      | Found Amaufina's Magic Scroll Shoppe.
  2160 | D:3      | Bought a scroll of identify for 22 gold pieces
  2160 | D:3      | Bought a scroll of teleportation for 33 gold pieces
  2394 | D:3      | Reached XP level 5. HP: 35/40 MP: 8/8
  2509 | D:4      | HP: 1/41 [gnoll/+0 flail (6)]
  2516 | D:3      | Slain by a gnoll

Illustrated notes

Levels and vault maps discovered:
D:1:      spicycebolla_green_bress_n_ham, layout_basic, serial_aquarium,
          aquarium_bridge_straight [aquarium_subvault_bridge,
          aquarium_subvault_wall, aquarium_subvault_bridge,
          aquarium_subvault_wall], aquarium_bridge_long_separate
          [aquarium_subvault_wall, aquarium_subvault_bridge,
          aquarium_subvault_bridge, aquarium_subvault_bridge,
          aquarium_subvault_wall, aquarium_subvault_wall], aquarium_window_2,
          aquarium_window_fake, aquarium_view_2c, aquarium_pool_S,
          ebering_ecumenical_altar_petrified, minmay_misc_feat_ornament,
          minmay_surrounded
D:2:      layout_basic
D:3:      layout_loops_ring, serial_shops, shop, uniq_robin
D:4:      layout_layer_cave, kennysheep_little_box, serial_bayou_pond_c,
          st_stairs_14, minmay_bisected

Skill      XL: |  1  2  3  4  5 |
---------------+----------------+-----
Stealth        | 1 2 |  2.2
Dodging        | 3 |  3.8
Shields        | 1 |  1.7
Short Blades   | 1 2 |  2.0
Fighting       | 3 |  3.1
Polearms       | |  4.3
Spellcasting   | |  2.7
Conjurations   | |  2.4

Action                     |  1- 3 |  4- 6 || total
---------------------------+-------+-------++-------
  Melee: Spear             |    70 |       ||    70
         Dagger            |    38 |    67 ||   105
   Stab: Sleeping          |     4 |       ||     4
 Armour: Leather armour    |    24 |    18 ||    42
  Dodge: Dodged            |    41 |    42 ||    83
  Block: Kite shield       |    27 |    30 ||    57

Table legend: (Time is in decaauts)
 A = Elapsed time spent in this place.
 B = Non-inter-level travel time spent in this place.
 C = Inter-level travel time spent in this place.
 D = Time resting spent in this place.
 E = Time spent auto-exploring this place.
 F = Levels seen in this place.
 G = Mean time per level.
                   A        B        C        D        E       F      G
               +--------+--------+--------+--------+--------+-----+--------+
         Total |   2536 |   2474 |     62 |    174 |   1662 |   4 |  634.0 |
       Dungeon |   2536 |   2474 |     62 |    174 |   1662 |   4 |  634.0 |
               +--------+--------+--------+--------+--------+-----+--------+

Top non-repeatable levels by time:
     D:2: 906 daAuts
     D:3: 831 daAuts
     D:1: 765 daAuts
     D:4: 33 daAuts
